 Dungeon Crawl Stone Soup version 0.25-a0-1133-g93ebf73 (webtiles) character file.

Game seed: 8294230786511538039, levelgen mode: deterministic

10459 duckbutt the Fighter (level 11, -7/76 HPs)
             Began as a Tengu Conjurer on Apr 30, 2020.
             Was a Priest of Vehumet.
             Shot with an arrow by a centaur warrior (22 damage)
             ... on level 10 of the Dungeon on May 20, 2020.
             The game lasted 00:47:05 (13909 turns).

duckbutt the Fighter (Tengu Conjurer)              Turns: 13909, Time: 00:47:06

Health: -7/76      AC:  8    Str:  9    XL:     11   Next: 62%
Magic:  16/22      EV: 15    Int: 19    God:    Vehumet [***...]
Gold:   566        SH:  0    Dex: 14    Spells: 6/24 levels left

rFire    . . .     SeeInvis .   b - +2 hunting sling
rCold    . . .     Gourm    .   (no shield)
rNeg     . . .     Faith    .   A - +0 steam dragon scales
rPois    .         Spirit   .   (helmet restricted)
rElec    .         Reflect  .   (no cloak)
rCorr    +         Harm     .   e - +2 pair of gloves
MR       +....                  (boots unavailable)
Stlth    ++........             q - amulet of magic regeneration
HPRegen  0.22/turn              k - ring of protection from magic
MPRegen  0.43/turn              r - ring of resist corrosion

@: flying quickly and evasively, quick
A: beak, talons 3, able to fly
a: Stop Flying, Renounce Religion


You were on level 10 of the Dungeon.
You worshipped Vehumet.
Vehumet was most pleased with you.
You were not hungry.

You visited 1 branch of the dungeon, and saw 10 of its levels.
You also visited: Ossuary.

You collected 566 gold pieces.

Inventory:

Hand Weapons
 a - a +2 spear of venom
 b - a +2 hunting sling (weapon)
Missiles
 f - 259 stones
 j - 56 poisoned darts
 o - 102 sling bullets (quivered)
Armour
 e - a +2 pair of gloves (worn)
 p - a +0 robe
 z - +0 fire dragon scales
 A - +0 steam dragon scales (worn)
 D - a +2 leather armour of fire resistance
Magical Staves
 y - an uncursed staff of fire {unknown}
Jewellery
 d - an uncursed amulet of guardian spirit
 k - a ring of protection from magic (left hand)
 l - an uncursed ring of ice
 q - an amulet of magic regeneration (around neck)
 r - a ring of resist corrosion (right hand)
 s - an uncursed ring of fire
Wands
 G - a wand of paralysis (4)
 I - a wand of enslavement (10)
Scrolls
 g - 3 scrolls of amnesia
 n - a scroll of fear
 t - 10 scrolls of remove curse
 v - 3 scrolls of fog
 w - 2 scrolls of teleportation
Potions
 h - a potion of might
 i - 7 potions of curing
 m - a potion of stabbing {unknown}
 x - 2 potions of brilliance
 B - 4 potions of lignification
 C - 2 potions of resistance
 F - a potion of invisibility {unknown}
Comestibles
 c - 15 rations
 u - 3 chunks of flesh


   Skills:
 + Level 12.1 Fighting
 + Level 2.8 Dodging
 - Level 2.0 Stealth
 - Level 7.0 Spellcasting
 + Level 7.7 Conjurations
 - Level 5.0 Hexes
 - Level 1.0 Necromancy
 - Level 5.0 Translocations
 - Level 3.0 Ice Magic


You had 6 spell levels left.
You knew the following spells:

 Your Spells              Type           Power        Failure   Level  Hunger
a - Magic Dart            Conj           ####         1%          1    None
b - Searing Ray           Conj           #####.       1%          2    None
d - Fulminant Prism       Conj/Hex       ####......   2%          4    ###....
g - Freeze                Ice            ###.         1%          1    None
n - Animate Skeleton      Necr           N/A          7%          1    None
q - Iskenderun's Mystic   Conj/Tloc      ####....     2%          4    ###....
w - Stone Arrow           Conj/Erth      ###...       1%          3    #......
A - Apportation           Tloc           ####..       1%          1    None
Z - Foxfire               Conj/Fire      ###.         1%          1    None

Your spell library contained the following spells:

 Spells                   Type           Power        Failure   Level  Hunger
 Ignite Poison            Fire/Tmut/Pois #.......     9%          3    #......
 Corona                   Hex            ####...      1%          1    None
 Dazzling Flash           Conj/Hex       ####..       1%          3    #......
 Summon Small Mammal      Summ           #...         10%         1    None


Dungeon Overview and Level Annotations

Branches:
Dungeon (10/15)            Temple (0/1) D:7             Orc (0/2) D:9
Ossuary (visited)
   Lair: D:8-11

Altars:
Cheibriados
Okawaru
Qazlal
Ru
Trog
Vehumet
Xom
The Shining One
Beogh

Annotations:
D:7 Pikel
D:8 exclusion: oklob plant


Innate Abilities, Weirdness & Mutations

You have a beak for a mouth.
You have claws for feet.
You can fly continuously.


Message History

Casting: Searing Ray (safe; 1% risk of failure)
Confirm with . or Enter, or press ? or * to list all spells.
You don't know that spell.
Casting: Searing Ray (safe; 1% risk of failure)
Confirm with . or Enter, or press ? or * to list all spells.
Aiming: Fulminant Prism (dangerous; 2% risk of failure)
Press: ? - help, Dir - move target cursor, p - centaur warrior You conjure a prism of explosive energy!
A fulminant prism comes into view.
The centaur warrior shoots an arrow.
The arrow hits your fulminant prism!
Your fulminant prism detonates feebly.
You now have 15/22 mp.
The centaur warrior shoots an arrow.
The arrow closely misses you.
You see here an arrow.
The centaur warrior shoots an arrow.
The arrow hits you!!
* * * LOW HITPOINT WARNING * * *
You see here an arrow.
You take 19 damage, and have 15/76 hp.
MASSIVE DAMAGE!!
The centaur warrior shoots an arrow.
The arrow hits you!!
You die...

.##.##
#...##....#
..##.#
###........
#..##...
#.######.
##..##..
#.#
)##..##.
#.#
##..##..
#.#
#..##..#
#.###
KT##..##
#.).#
.##..##.
###@# ##..#
#(# #..#
..######(#
..#
#......(.#
!#
#######.(#
# ...c.
#.....#
#.....#
#.....#


You could see a centaur warrior.

Vanquished Creatures
  An ogre mage (D:10)
  3 two-headed ogres
  A deep elf mage (D:10)
  A centaur zombie (D:10)
  A gargoyle (D:10)
  2 trolls (D:10)
  Prince Ribbit (D:7)
  A hippogriff (D:8)
  A wyvern (D:10)
  4 hogs (D:7)
  A human (D:7)
  2 steam dragons (D:5)
  Grum (D:8)
  2 hungry ghosts (D:10)
  Menkaure (D:7)
  3 sky beasts
  3 orc warriors
  A hornet zombie (D:7)
  2 slaves (D:7)
  An ice beast (D:8)
  A phantom (D:7)
  4 black bears
  A necrophage (D:8)
  6 ogres
  4 wolves (D:8)
  3 centaurs
  2 big kobolds
  5 bullfrogs
  A wyvern skeleton (D:10)
  2 scorpions
  A howler monkey (D:9)
  4 crimson imps
  A quasit (D:10)
  A gnoll shaman (D:5)
  2 jellies
  8 orc priests
  3 bullfrog skeletons
  2 human zombies (Ossuary)
  4 hounds
  7 orc wizards
  2 iguanas (D:5)
  5 worker ants
  A killer bee zombie (D:6)
  6 mummies (Ossuary)
  Robin (D:3)
  6 gnolls
  12 adders
  3 shadow imps
  An ooze (D:5)
  4 adder skeletons
  3 worms
  A dart slug (D:4)
  4 leopard geckos
  29 orcs
  4 bats
  17 goblins
  4 hobgoblins (D:3)
  8 jackals
  17 kobolds
  4 quokkas
  4 frilled lizards
  2 goblin zombies (Ossuary)
  2 hobgoblin zombies (Ossuary)
  A jackal zombie (D:8)
  A kobold zombie (Ossuary)
  A leopard gecko skeleton (D:5)
  An orc zombie (Ossuary)
  5 rats
244 creatures vanquished.

Vanquished Creatures (collateral kills)
  An orc (D:9)
1 creature vanquished.

Vanquished Creatures (others)
  10 foxfires (D:8)
  15 fulminant prisms
  A fungus (D:5)
26 creatures vanquished.

Grand Total: 271 creatures vanquished

Notes
Turn   | Place    | Note
-------+----------+-------------------------------------------
     0 | D:1      | duckbutt the Tengu Conjurer began the quest for the Orb.
     0 | D:1      | Reached XP level 1. HP: 10/10 MP: 4/4
   730 | D:2      | Reached XP level 2. HP: 15/15 MP: 6/6
   735 | D:2      | Upgraded the game from 0.25-a0-869-g05d4e06 to
                  | 0.25-a0-1024-gbfbf38f
   857 | D:2      | Learned a level 2 spell: Searing Ray
  1311 | D:2      | Reached XP level 3. HP: 19/19 MP: 4/7
  1878 | D:3      | Reached XP level 4. HP: 24/24 MP: 1/8
  1974 | D:3      | Learned a level 4 spell: Iskenderun's Mystic Blast
  2053 | D:3      | Gained mutation: You can fly continuously. [Tengu growth]
  2053 | D:3      | Reached XP level 5. HP: 21/28 MP: 1/10
  2391 | D:3      | Noticed Robin
  2402 | D:3      | Killed Robin
  2770 | D:3      | Reached XP level 6. HP: 20/32 MP: 3/13
  2854 | D:3      | Learned a level 4 spell: Fulminant Prism
  2957 | D:3      | Found a bloodstained altar of Trog.
  3108 | D:4      | Found a sacrificial altar of Ru.
  3149 | D:4      | Learned a level 1 spell: Apportation
  3151 | D:4      | Learned a level 1 spell: Animate Skeleton
  3659 | D:4      | Reached skill level 1 in Necromancy
  3800 | D:4      | Reached skill level 1 in Fighting
  4049 | D:5      | Entered Level 5 of the Dungeon
  4178 | D:5      | Reached skill level 1 in Hexes
  4178 | D:5      | Reached skill level 1 in Translocations
  4224 | D:5      | Reached XP level 7. HP: 39/39 MP: 5/14
  4359 | D:5      | Reached skill level 2 in Fighting
  4744 | D:5      | Reached skill level 3 in Fighting
  5228 | D:5      | Reached XP level 8. HP: 41/46 MP: 10/15
  5459 | D:5      | Reached skill level 4 in Fighting
  5702 | D:6      | Found a glowing golden altar of the Shining One.
  5708 | D:6      | Reached skill level 5 in Fighting
  5709 | D:6      | Found a stormy altar of Qazlal.
  5709 | D:6      | Found a shimmering altar of Xom.
  5709 | D:6      | Found an iron altar of Okawaru.
  5715 | D:6      | Found a snail-covered altar of Cheibriados.
  5715 | D:6      | Found a radiant altar of Vehumet.
  5723 | D:6      | Became a worshipper of Vehumet
  5998 | D:6      | Found a sand-covered staircase.
  6004 | Ossuary  | Entered an ossuary
  7043 | D:6      | Reached skill level 6 in Fighting
  7323 | D:7      | Reached skill level 5 in Spellcasting
  7477 | D:7      | Found a staircase to the Ecumenical Temple.
  7480 | D:7      | Noticed Menkaure
  7487 | D:7      | Killed Menkaure
  7487 | D:7      | Reached XP level 9. HP: 54/56 MP: 11/18
  7489 | D:7      | Reached * piety under Vehumet
  7489 | D:7      | Offered knowledge of Freeze by Vehumet.
  7492 | D:7      | Learned a level 1 spell: Freeze
  7853 | D:7      | Reached skill level 1 in Ice Magic
  8005 | D:7      | Reached skill level 7 in Fighting
  8277 | D:7      | Got a smelly ring mail
  8506 | D:7      | Noticed Pikel
  8762 | D:7      | Reached skill level 8 in Fighting
  8967 | D:7      | Noticed Prince Ribbit
  8974 | D:7      | Killed Prince Ribbit
  8974 | D:7      | Reached XP level 10. HP: 65/65 MP: 16/21
  9125 | D:7      | Offered knowledge of Foxfire by Vehumet.
  9128 | D:7      | Learned a level 1 spell: Foxfire
  9231 | D:8      | Upgraded the game from 0.25-a0-1024-gbfbf38f to
                  | 0.25-a0-1133-g93ebf73
  9243 | D:8      | Reached ** piety under Vehumet
  9261 | D:8      | Reached skill level 9 in Fighting
  9534 | D:8      | Found an iron altar of Okawaru.
  9703 | D:8      | Noticed Grum
  9721 | D:8      | Killed Grum
 10277 | D:8      | Found a shimmering altar of Xom.
 10278 | D:8      | Noticed an oklob plant
 10858 | D:9      | Found a staircase to the Orcish Mines.
 10863 | D:9      | Noticed a two-headed ogre
 10898 | D:9      | Noticed a two-headed ogre
 11428 | D:9      | Offered knowledge of Stone Arrow by Vehumet.
 11606 | D:9      | Learned a level 3 spell: Stone Arrow
 11638 | D:9      | Reached *** piety under Vehumet
 11751 | D:9      | Found a roughly hewn altar of Beogh.
 11949 | D:9      | Killed a two-headed ogre
 11949 | D:9      | Reached skill level 10 in Fighting
 12245 | D:9      | Found a bloodstained altar of Trog.
 12699 | D:9      | Identified the cursed +0 ring mail of Restlessness {rF+
                  | Int+3} (You found it on level 7 of the Dungeon)
 12712 | D:10     | Entered Level 10 of the Dungeon
 12727 | D:10     | Paralysed by a hornet for 2 turns
 12914 | D:9      | Killed a two-headed ogre
 12914 | D:9      | Reached skill level 5 in Hexes
 12914 | D:9      | Reached skill level 5 in Translocations
 12914 | D:9      | Reached XP level 11. HP: 69/73 MP: 13/22
 12948 | D:10     | Noticed a two-headed ogre
 12963 | D:10     | Killed a two-headed ogre
 12963 | D:10     | Reached skill level 11 in Fighting
 13322 | D:10     | Noticed an ogre mage
 13325 | D:10     | Noticed a deep elf mage
 13458 | D:10     | Noticed a manticore
 13462 | D:10     | Noticed a two-headed ogre
 13507 | D:10     | Killed an ogre mage
 13550 | D:10     | Killed a deep elf mage
 13550 | D:10     | Reached skill level 12 in Fighting
 13630 | D:10     | Offered knowledge of Ignite Poison by Vehumet.
 13901 | D:10     | Noticed a centaur warrior
 13909 | D:10     | Shot with an arrow by a centaur warrior

Illustrated notes

Levels and vault maps discovered:
D:1:      psy_arrival_radial02, layout_rooms, minmay_misc_feat_doors,
          serial_park_tiny_2, nrook_mini_vaults, chequers_serial_rivers_small_3
D:2:      layout_loops_corners, first_ration, kennysheep_generic_room_14
D:3:      layout_basic, bloody_trog, uniq_robin
D:4:      layout_basic, nicolae_ru_path_of_blood
D:5:      kennysheep_steamy, layout_cave_pools
D:6:      layout_basic, minmay_overflow_temple_hex,
          nicolae_ossuary_entry_monument, hex_medium
D:7:      layout_loops_cross, minmay_temple_entry_junction_2, grunt_livestock,
          minmay_bent, uniq_prince_ribbit1, uniq_menkaure, uniq_pikel
D:8:      layout_basic, basic_altar, lemuel_oklob_altar, uniq_grum
D:9:      layout_basic, kennysheep_mini_moat, minmay_orc_entry_temple_small
D:10:     layout_rooms, ebering_ghost_disaster_area, minmay_diamond_spiral

Skill      XL: |  1  2  3  4  5  6  7  8  9 10 11 |
---------------+----------------------------------+-----
Conjurations   | 6 7 |  7.7
Spellcasting   | 3 4 5 7 |  7.0
Necromancy     | 1 |  1.0
Fighting       | 1 3 6 8 10 12 | 12.1
Hexes          | 1 2 3 5 |  5.0
Translocations | 1 2 3 5 |  5.0
Ice Magic      | 3 |  3.0
Dodging        | |  2.8
Stealth        | |  2.0

Action                   |  1- 3 |  4- 6 |  7- 9 | 10-12 || total
-------------------------+-------+-------+-------+-------++-------
Melee: Unarmed           |     1 |       |       |       ||     1
       Dagger            |       |     2 |       |       ||     2
       Peck              |       |     1 |       |     2 ||     3
       Kick              |       |     1 |       |     1 ||     2
       Spear             |       |       |       |     1 ||     1
       Hunting sling     |       |       |       |     1 ||     1
 Fire: Hunting sling     |     2 |     8 |     4 |     1 ||    15
Throw: Dart              |       |     1 |       |       ||     1
 Cast: Magic Dart        |    35 |    92 |   190 |   156 ||   473
       Searing Ray       |     5 |     7 |    50 |    58 ||   120
       Apportation       |       |     1 |     2 |       ||     3
       Animate Skeleton  |       |       |     5 |    22 ||    27
       Freeze            |       |       |     7 |       ||     7
       Fulminant Prism   |       |       |       |    15 ||    15
       Foxfire           |       |       |       |     7 ||     7
       Iskenderun's Myst |       |       |       |     4 ||     4
       Stone Arrow       |       |       |       |     4 ||     4
 Abil: Fly               |       |       |     1 |       ||     1
Evoke: Wand              |       |       |       |     3 ||     3
  Use: Scroll            |     7 |     4 |    11 |     5 ||    27
       Potion            |       |     2 |     1 |     2 ||     5
  Eat: Chunk             |     4 |     7 |     5 |    10 ||    26
       Ration            |       |       |     3 |     3 ||     6
Armor: Robe              |     1 |     4 |     6 |       ||    11
       Steam dragon scal |       |       |    31 |    38 ||    69
Dodge: Dodged            |     4 |    10 |    90 |   118 ||   222

Table legend:
 A = Non-vault XP
 B = Vault XP
 C = Vault XP percentage of total XP
 D = Non-vault monster count
 E = Vault monster count
 F = Vault count percentage of total count
                 A         B        C        D         E       F
            +---------+---------+-------+---------+---------+-------
      Total |    9960 |    4982 |  33.3 |     184 |      59 |  24.3
            +---------+---------+-------+---------+---------+-------
        D:1 |       5 |       0 |   0.0 |       3 |       0 |   0.0
        D:2 |      29 |       4 |  12.1 |      14 |       2 |  12.5
        D:3 |     259 |      37 |  12.5 |      29 |      13 |  31.0
        D:4 |     158 |       0 |   0.0 |       9 |       0 |   0.0
        D:5 |     727 |     380 |  34.3 |      19 |       2 |   9.5
        D:6 |     316 |       0 |   0.0 |      15 |       0 |   0.0
        D:7 |     935 |    2036 |  68.5 |      24 |      13 |  35.1
        D:8 |    1646 |     637 |  27.9 |      27 |       5 |  15.6
        D:9 |    2220 |     135 |   5.7 |      18 |       8 |  30.8
       D:10 |    3665 |    1559 |  29.8 |      26 |       2 |   7.1
    Ossuary |       0 |     194 | 100.0 |       0 |      14 | 100.0
            +---------+---------+-------+---------+---------+-------
